[Event "*** Titled Tuesday Blitz"]
[Site "Chess.com"]
[Date "2018.12.04"]
[Round "8"]
[White "enriquetejedor"]
[Black "Gabrielian_Artur"]
[Result "0-1"]
[WhiteElo "2538"]
[BlackElo "2720"]
[TimeControl "180+2"]
[EndTime "14:53:24 PST"]
[Termination "Gabrielian_Artur won by resignation"]

1. e4 c5 2. Nc3 d6 3. g3 Nc6 4. Bg2 g6 5. d3 Bg7 6. Nge2 Nf6 7. O-O O-O 8. h3 Rb8 9. f4 Nd7 10. Be3 b5 11. Qd2 b4 12. Nd1 Nd4 13. Nc1 a5 14. c3 bxc3 15. bxc3 Nc6 16. Ne2 Ba6 17. g4 a4 18. Kh2 a3 19. f5 Nce5 20.
Nf4 Re8 21. Nf2 Rb2 22. Qd1 Qa5 23. Ne2 Reb8 24. Kh1 Qb5 25. c4 Qa5 26. Bg5 Nf6 27. Nf4 Rd2 28. Qe1 Qb4 29. Nd5 Nxd5 30. Bxd2 Qb2 31.
exd5 Qc2 32. Rc1 Qxa2 33. Bc3 Rb3 34. Ra1 Qc2 35. Bxe5 Bxe5 36. Qd1 Qc3 37. Rc1 Qb4 38. Qe2 Rb2 39. Rc2 a2 40. d4 Bxd4 41. Rxb2 Qxb2 42. Qxe7 a1=Q 43. fxg6 hxg6 44. Nd1 Qb7 45. Qxd6 Bxc4 46. Re1 Kg7 47. Qg3 Bxd5 48. Ne3 Bxg2+ 49. Nxg2 Qab2 50. h4 Qf2 0-1

[Event "*** Titled Tuesday Blitz"]
[Site "Chess.com"]
[Date "2018.12.04"]
[Round "8"]
[White "WorldChampionBulletChess"]
[Black "nitpicker"]
[Result "1-0"]
[WhiteElo "2151"]
[BlackElo "2169"]
[TimeControl "180+2"]
[EndTime "14:53:26 PST"]
[Termination "WorldChampionBulletChess won on time"]

1. d4 Nf6 2. c4 e6 3. Nf3 b6 4. a3 Bb7 5. Nc3 Ne4 6. Qc2 f5 7. b4 c5 8. Bb2 Be7 9. dxc5 bxc5 10. e3 O-O 11. b5 d5 12. Be2 Nd7 13. O-O Nb6 14.
Rfd1 Qe8 15. a4 Rd8 16. cxd5 exd5 17. a5 Nc8 18. Nxd5 Rxd5 19. Bc4 Qd7 20. Qb3 Rd8 21. Bxd5+ Bxd5 22. Qc2 Qe6 23. Ne5 Bf6 24. Nd3 Bb3 25. Nxc5 Rxd1+ 26. Qxd1 Nxc5 27. Qd2 Bc4 28. Bxf6 Qxf6 29.
Rd1 Nd3 30. Qc2 Qe6 31. h3 Bxb5 32. Qc7 a6 33. Qg3 Ne7 34. Rd2 h6 35. Rc2 Nc6 36.
Qc7 Kh7 37. Rd2 Nc5 38. Qb6 1-0

[Event "*** Titled Tuesday Blitz"]
[Site "Chess.com"]
[Date "2018.12.04"]
[Round "8"]
[White "gmcorrales"]
[Black "LastGladiator1"]
[Result "1-0"]
[WhiteElo "2796"]
[BlackElo "2682"]
[TimeControl "180+2"]
[EndTime "14:53:36 PST"]
[Termination "gmcorrales won by resignation"]

1. e4 c6 2. d4 d5 3. Nc3 dxe4 4.
Nxe4 Nd7 5. Bc4 Ngf6 6. Ng5 e6 7. Qe2 Nb6 8. Bb3 h6 9. N5f3 a5 10. a3 a4 11. Ba2 c5 12. Be3 Nbd5 13. c3 Qa5 14. Bd2 Qb6 15. Rb1 Bd6 16. c4 Nf4 17. Bxf4 Bxf4 18. Nh3 Qa5+ 19. Kf1 Bc7 20. dxc5 Qxc5 21.
Qe3 Qf5 22. Nd4 Qa5 23. Nb5 O-O 24. Nxc7 Qxc7 25. Nf4 Bd7 26. f3 Bc6 27. Kf2 Rad8 28. Rbd1 Rxd1 29. Rxd1 g5 30. Ne2 Qxh2 31. Ng3 Nh5 32.
Nxh5 Qxh5 33. Bb1 Qh4+ 34. Kg1 Qxc4 35. Rd4 Qc5 36. Kh1 e5 37. Qd3 Qc1+ 38. Kh2 e4 39.
fxe4 Qf4+ 40. Kg1 Qe5 41. Rd6 Kg7 42. Rd4 Re8 43. Qc3 Kg8 44. Bd3 Kg7 45. Bc4 Bxe4 46. Rd7 Bg6 47. Rxb7 Qxc3 48. bxc3 Re1+ 49. Kf2 Ra1 50.
Ke3 Rxa3 51. Kd4 Ra1 52. Bd5 Rd1+ 53. Kc5 Rd2 54. Ra7 Rc2 55. c4 Ra2 56. Kb4 Bc2 57.
c5 Bb3 58. Rxf7+ Kg6 59. Rd7 Rxg2 60. Bxg2 1-0

[Event "*** Titled Tuesday Blitz"]
[Site "Chess.com"]
[Date "2018.12.04"]
[Round "8"]
[White "Anar_Aliakbarov"]
[Black "kacprekt"]
[Result "1-0"]
[WhiteElo "2566"]
[BlackElo "2379"]
[TimeControl "180+2"]
[EndTime "14:53:42 PST"]
[Termination "Anar_Aliakbarov won by resignation"]

1. d4 Nf6 2. c4 g6 3. Nc3 d5 4. Nf3 Bg7 5. Qb3 dxc4 6. Qxc4 O-O 7. e4 Nc6 8. Be2 e5 9. dxe5 Nd7 10. Bg5 Ndxe5 11. Bxd8 Nxc4 12. Bxc4 Rxd8 13. O-O Bg4 14. Rfd1 Bxf3 15. gxf3 Nd4 16. Kg2 c6 17. a4 Rd7 18.
Ne2 Rad8 19. Nxd4 Bxd4 20. Rab1 a5 21. b3 Bc3 22. Rxd7 Rxd7 23. Rc1 Bb4 24. Rc2 Kg7 25.
f4 h5 26. Kf3 Rd1 27. e5 Rh1 28. Kg2 Rd1 29. Re2 Be7 30. Kf3 Rh1 31. Rd2 b6 32. Rd7 Kf8 33. Rc7 c5 34. Rb7 Rxh2 35. Rxb6 Rh3+ 36. Kg2 Rh4 37. Rb8+ Kg7 38. Rb7 Kf8 39.
Kf3 Rh3+ 40. Kg2 Rh4 41. Kg3 Rg4+ 42. Kf3 Rg1 43. Rb8+ Kg7 44. Re8 Bf8 45. Ra8 h4 46. Ra7 Kh8 47. Rxf7 Bg7 48. e6 h3 49. e7 h2 50.
e8=Q+ Kh7 51. Rxg7+ Kxg7 52. Qg8+ 1-0

[Event "*** Titled Tuesday Blitz"]
[Site "Chess.com"]
[Date "2018.12.04"]
[Round "8"]
[White "GMWSO"]
[Black "NikolaGry"]
[Result "1-0"]
[WhiteElo "2970"]
[BlackElo "2653"]
[TimeControl "180+2"]
[EndTime "14:53:45 PST"]
[Termination "GMWSO won by resignation"]

1. d4 d5 2. c4 Nc6 3. Nc3 dxc4 4. Nf3 Nf6 5. Bg5 h6 6. Bxf6 exf6 7. e3 Na5 8. Bxc4 Nxc4 9. Qa4+ c6 10. Qxc4 Be6 11. Qd3 Bd6 12. O-O O-O 13. Rfd1 Qa5 14. a3 Qh5 15. Ne4 Bc7 16. Rdc1 Bg4 17. Rc5 f5 18. Ng3 Bxg3 19. hxg3 Bxf3 20. gxf3 Qxf3 21. Rxf5 Qg4 22. Rc1 Rfe8 23. b4 a6 24. Kg2 Qg6 25. Rc3 Rad8 26. a4 Rd6 27. Rfc5 Qg4 28. Rf5 Rg6 29.
Rf4 Qd7 30. Qf5 Qe7 31. Qc5 Qd7 32. b5 cxb5 33. axb5 Rg5 34. Qc7 Qd5+ 35. f3 axb5 36. e4 Qe6 37. Qxb7 Qg6 38. g4 h5 39. Qd7 Ra8 40.
Rc6 Ra2+ 41. Kg3 f6 42. Rc8+ Kh7 43. Qe6 h4+ 44. Kh3 Kh6 45. Qxa2 1-0

[Event "*** Titled Tuesday Blitz"]
[Site "Chess.com"]
[Date "2018.12.04"]
[Round "8"]
[White "Guenplen"]
[Black "vugarrasulov"]
[Result "1/2-1/2"]
[WhiteElo "2838"]
[BlackElo "2807"]
[TimeControl "180+2"]
[EndTime "14:53:46 PST"]
[Termination "Game drawn by repetition"]

1. d4 Nf6 2. Bf4 g6 3. e3 Bg7 4. h3 O-O 5. c3 d6 6. Nf3 Nfd7 7. Bh2 e5 8. Be2 Nc6 9. O-O f5 10. b4 a6 11. a4 h6 12. Na3 Kh7 13. b5 Ne7 14.
bxa6 bxa6 15. dxe5 Nxe5 16. Nxe5 Bxe5 17. Bxe5 dxe5 18. Nc4 Qxd1 19. Rfxd1 e4 20. Rab1 Kg7 21. f4 Be6 22. Ne5 Rfd8 23. Rxd8 Rxd8 24. Bxa6 Nd5 25.
Bc4 Nxc3 26. Rc1 Nd5 27. Bxd5 Rxd5 28. Rxc7+ Kf6 29. Ra7 g5 30. g3 Rd1+ 31. Kf2 Rd2+ 32. Kf1 h5 33. h4 gxh4 34. gxh4 Ra2 35. a5 Ra3 36. Kf2 Ra2+ 37. Ke1 Ra3 38. Kd2 Ra2+ 39.
Ke1 Ra3 40. Kd2 Ra2+ 41. Kc3 Ra3+ 42. Kd4 Ra4+ 43. Kc5 Ra3 44. Kd4 Ra4+ 45. Kc5 Ra3 46. Kd6 Rxe3 47. Rh7 Bg8 48. Nd7+ Kg6 49. Nf8+ Kf6 50.
Nd7+ Kg6 51. Nf8+ Kf6 52. Nd7+ Kg6 53. Nf8+ Kf6 1/2-1/2

[Event "*** Titled Tuesday Blitz"]
[Site "Chess.com"]
[Date "2018.12.04"]
[Round "8"]
[White "GMKrikor"]
[Black "Jbd735"]
[Result "1-0"]
[WhiteElo "2670"]
[BlackElo "2505"]
[TimeControl "180+2"]
[EndTime "14:53:47 PST"]
[Termination "GMKrikor won by resignation"]

1. e4 e5 2. Bc4 Bc5 3. Nc3 Nc6 4. Qg4 Qf6 5. Nd5 Qxf2+ 6. Kd1 Kf8 7. Nh3 Qd4 8. d3 d6 9. Qg3 Bxh3 10. gxh3 Nge7 11. c3 Qf2 12. Qxf2 Bxf2 13. Rf1 Bb6 14. Nxe7 Nxe7 15. Rxf7+ Ke8 16. Bg5 Ng6 17. Rxg7 Nf4 18. Kc2 h6 19.
Bh4 Kf8 20. Rf7+ Ke8 21. Rf5 Rf8 22. d4 Rxf5 23. exf5 exd4 24. Re1+ Kd7 25. Bb5+ c6 26. Re7+ Kc8 27. Re8+ Kd7 28. Rxa8 cxb5 29. cxd4 Bxd4 30. f6 Ke6 31. Re8+ Kf7 32. Re7+ Kf8 33. Rxb7 Ng6 34. Bg3 Bxf6 35. Bxd6+ Ke8 36. Rxa7 Nh4 37. Ra5 Nf3 38. Bc5 Kd7 39. Rxb5 Be5 40. Bf2 Kc6 41. Rb6+ Kd5 42. Rxh6 Bxh2 43. a4 Bf4 44. Rf6 Ke5 45. Rxf4 Kxf4 46.
a5 Ne5 47. a6 Nc6 48. a7 1-0

[Event "*** Titled Tuesday Blitz"]
[Site "Chess.com"]
[Date "2018.12.04"]
[Round "8"]
[White "tteshan"]
[Black "toog"]
[Result "0-1"]
[WhiteElo "2132"]
[BlackElo "2229"]
[TimeControl "180+2"]
[EndTime "14:53:48 PST"]
[Termination "toog won by resignation"]

1. d4 Nf6 2. c4 g6 3. Nc3 Bg7 4. e4 d6 5. Be2 O-O 6. Bg5 c5 7. d5 e6 8. Qd2 exd5 9. exd5 Re8 10. Nf3 Nbd7 11. O-O a6 12. h4 Ne5 13. Nxe5 Rxe5 14. Bd3 Qf8 15. Rae1 Rxe1 16. Rxe1 Bd7 17. Ne4 Nxe4 18.
Rxe4 Re8 19. Rxe8 Qxe8 20. Bf4 Be5 21. Bxe5 Qxe5 22. b3 b5 23. Qe2 Qxe2 24. Bxe2 Kg7 25. cxb5 axb5 26. a3 Kf6 27. f4 b4 28. a4 Kf5 29. a5 Bc8 30. a6 Kxf4 31. a7 Bb7 32.
Bb5 Bxd5 33. Bc4 Ba8 34. Bxf7 Ke3 35. Bg8 h6 36. Bf7 g5 37. hxg5 hxg5 38. Kh2 d5 39. Kg3 d4 40. Bc4 d3 41. Kg4 Bxg2 42.
Bxd3 Kxd3 43. Kxg5 Kc3 44. Kf4 Kxb3 45. Ke5 c4 46. Kd4 c3 47. Kd3 c2 48. a8=Q c1=Q 49. Qg8+ Ka3 50. Qg7 Bf1+ 51. Ke4 Qc4+ 52. Ke3 Qc3+ 53.
Qxc3+ bxc3 0-1

[Event "*** Titled Tuesday Blitz"]
[Site "Chess.com"]
[Date "2018.12.04"]
[Round "8"]
[White "Laico"]
[Black "Wolverine_master"]
[Result "1-0"]
[WhiteElo "2265"]
[BlackElo "2129"]
[TimeControl "180+2"]
[EndTime "14:53:48 PST"]
[Termination "Laico won by resignation"]

1. e4 d5 2. exd5 Qxd5 3. Nc3 Qd6 4. d4 Nf6 5. Nge2 a6 6. Bf4 Qd8 7. Qd2 g6 8. g3 Bg7 9. Bg2 O-O 10. Bh6 Nc6 11.
O-O-O e6 12. h4 Bxh6 13. Qxh6 Ng4 14. Qf4 e5 15. dxe5 Qe7 16. e6 Bxe6 17. Rhe1 Qf6 18. Rd2 Rad8 19. Qxf6 Nxf6 20. Nf4 Rxd2 21. Kxd2 Rd8+ 22.
Kc1 Bf5 23. Ncd5 Nxd5 24. Nxd5 Kg7 25. a3 Nd4 26. Ne3 c6 27. Nxf5+ Nxf5 28. Bh3 Nd4 29.
Re7 b5 30. c3 Nb3+ 31. Kc2 Nc5 32.
Rc7 Rd6 33. Bg2 Kf6 34. Rxc6 Rxc6 35. Bxc6 Kf5 36. b4 Ne6 37. Bd7 g5 38. hxg5 Kxg5 39. Bxe6 fxe6 40. c4 bxc4 41. a4 Kf5 42. Kc3 Ke5 43. Kxc4 Kd6 44. b5 axb5+ 45. axb5 Kc7 46.
Kc5 Kb7 47. g4 e5 48. g5 e4 49. Kd4 Kb6 50. Kxe4 Kxb5 51. Ke5 Kc5 52. f4 Kc6 53. Ke6 Kc7 54. Ke7 Kc6 55. f5 Kd5 56. f6 Ke5 57. f7 Kf5 58. f8=Q+ Kxg5 59. Qg7+ Kf5 1-0

[Event "*** Titled Tuesday Blitz"]
[Site "Chess.com"]
[Date "2018.12.04"]
[Round "8"]
[White "AquivaRubinstein"]
[Black "Satscho"]
[Result "1-0"]
[WhiteElo "2414"]
[BlackElo "2315"]
[TimeControl "180+2"]
[EndTime "14:53:56 PST"]
[Termination "AquivaRubinstein won by checkmate"]

1. d4 Nf6 2. c4 g6 3. Nc3 Bg7 4. e4 d6 5. Nf3 O-O 6. Be2 e5 7.
O-O Nc6 8. d5 Ne7 9. Ne1 Nd7 10.
Be3 f5 11. f3 f4 12. Bf2 g5 13.
Rc1 Ng6 14. c5 Nxc5 15. b4 Na6 16. Nd3 b6 17. Nb5 Bd7 18. a4 Rf7 19. Qc2 h5 20. h3 g4 21. fxg4 hxg4 22. Bxg4 Bxg4 23. hxg4 Qg5 24. Qe2 Bh6 25. Qf3 Kg7 26. Rc2 Nh4 27. Qh3 Ng6 28. Qf3 Nh4 29. Bxh4 Qxh4 30. Rfc1 Qd8 31.
Nf2 Bg5 32. Nh3 Bh4 33. Qc3 Bg3 34. Na3 Qh4 35. Qf3 Nxb4 36. Rxc7 Na6 37. Rxf7+ Kxf7 38. Nb5 Ke7 39. Rc6 Rd8 40. Nxa7 Nc5 41. Rxb6 Nxa4 42. Nc6+ Kd7 43. Rb7+ Ke8 44. Nxd8 Kxd8 45. g5 Nc5 46. Rf7 Nd7 47. g6 Qh6 48. Qg4 f3 49. Qxd7# 1-0

[Event "*** Titled Tuesday Blitz"]
[Site "Chess.com"]
[Date "2018.12.04"]
[Round "8"]
[White "AsaHoffmann"]
[Black "Bryakin_Mikhail"]
[Result "1/2-1/2"]
[WhiteElo "2214"]
[BlackElo "2711"]
[TimeControl "180+2"]
[EndTime "14:54:03 PST"]
[Termination "Game drawn by agreement"]

1. d4 d5 2. Bg5 Qd6 3. Qd2 Nf6 4.
Nc3 a6 5. Nf3 Bf5 6. Bf4 Qd8 7.
e3 e6 8. a3 Bd6 9. Ne5 h6 10.
Be2 Nbd7 11. O-O O-O 12. f3 Qe7 13. g4 Bh7 14. h3 c5 15. Bd3 Bxd3 16. Qxd3 b5 17.
Ne2 Rac8 18. c3 Nh7 19. Rae1 Nxe5 20. Bxe5 Bxe5 21. dxe5 f6 22. exf6 Rxf6 23. f4 Rd8 24.
Ng3 e5 25. Nf5 Qe6 26. Rd1 e4 27. Qe2 Nf8 28. Rd2 Nd7 29. Rxd5 Rxf5 30. Rxf5 g6 31.
Re5 Nxe5 32. fxe5 Qxe5 33. Qf2 Qe6 34. Qf6 Qxf6 35. Rxf6 Kg7 36. Rxa6 Rd2 37. b3 Rd3 38. a4 Rxc3 39. axb5 Rxb3 40. b6 Rxe3 41. Ra7+ Kf6 42. h4 Rb3 43. b7 Ke5 44. Kf2 Kd4 45. Ke2 Rb2+ 46. Kd1 c4 47. Ra6 Rxb7 48. Rxg6 e3 49.
Rd6+ Kc3 50. Ke2 Rg7 51. Rxh6 Rxg4 52. Kxe3 Rg1 53. Kf3 Kd4 54. Rc6 c3 55. h5 Kd3 56.
Kf4 c2 57. h6 c1=Q+ 58. Rxc1 Rxc1 59. Kg5 Ke4 60. h7 Rc8 61. Kg6 Ke5 62. Kg7 Rc7+ 63. Kg6 Rc8 64. Kg7 1/2-1/2

[Event "*** Titled Tuesday Blitz"]
[Site "Chess.com"]
[Date "2018.12.04"]
[Round "8"]
[White "Thjop"]
[Black "NeverEverForever1990"]
[Result "1-0"]
[WhiteElo "2679"]
[BlackElo "2450"]
[TimeControl "180+2"]
[EndTime "14:54:08 PST"]
[Termination "Thjop won by resignation"]

1. e4 c5 2. Nf3 d6 3. Bb5+ Nd7 4. O-O a6 5. Bd3 Ngf6 6. Re1 e6 7. c3 b5 8. Bc2 c4 9. a4 Bb7 10. Na3 Be7 11.
d4 cxd3 12. Bxd3 bxa4 13. Qxa4 O-O 14. Be3 Qc7 15. Qc2 Nc5 16. Bxc5 Qxc5 17. Qb3 Rfb8 18. Qc4 Qxc4 19. Nxc4 Bc6 20. Na5 Bb5 21. Bxb5 Rxb5 22. b4 Rc8 23. Nd4 Rb6 24. Ra3 d5 25. f3 dxe4 26.
fxe4 Ng4 27. Nf3 Nf6 28. Ne5 Rd6 29. Nac4 Rd3 30. Nxd3 Rxc4 31. Rxa6 g6 32. Ra3 Nxe4 33. Ne5 Rxc3 34. Ra8+ Kg7 35. Rxe4 Rb3 36. Rb8 Bh4 37.
g3 Bg5 38. Rb7 Be3+ 39. Kg2 Rb2+ 40. Kf3 Bg1 41. Rxf7+ Kg8 42. Re2 Rb3+ 43. Kg2 Bd4 44. Rf4 Ba1 45. Nf3 e5 46. Rfe4 h5 47. Nxe5 h4 48. Nxg6 h3+ 49. Kxh3 Bf6 50. Nf4 Kg7 51. Re6 Bg5 52. Rg6+ Kh7 53. Rxg5 Rf3 54. Re7+ Kh8 55. Rc5 Rxf4 56. Rc8+ 1-0

[Event "*** Titled Tuesday Blitz"]
[Site "Chess.com"]
[Date "2018.12.04"]
[Round "8"]
[White "Naruto-K"]
[Black "ENEASZ"]
[Result "1-0"]
[WhiteElo "2456"]
[BlackElo "2565"]
[TimeControl "180+2"]
[EndTime "14:54:10 PST"]
[Termination "Naruto-K won by resignation"]

1. d4 d6 2. Bf4 h6 3. Nf3 Nf6 4. e3 Nh5 5. Bg3 Nxg3 6. hxg3 g6 7. Nbd2 Bg7 8. Bd3 b6 9. O-O Bb7 10. c3 Nd7 11. a4 a6 12. e4 e5 13. dxe5 dxe5 14. Qe2 O-O 15. Rfd1 Qe7 16. Nc4 Nc5 17. Bc2 a5 18. Na3 Ba6 19. Qe3 Rad8 20. Nb5 c6 21.
Na3 Kh7 22. b4 axb4 23. cxb4 Ne6 24. Qxb6 Be2 25. Rxd8 Rxd8 26. a5 Nd4 27. Ne1 Bf8 28. Rb1 Qd6 29. Qa7 Kg7 30. Bb3 Rd7 31. Qb6 Qxb4 32. Nac2 Qc3 33. Nxd4 exd4 34. a6 d3 35. a7 d2 36. a8=Q Bc5 37. Qbb8 Bxf2+ 38. Kh2 Qxg3+ 39.
Qxg3 Bxg3+ 40. Kxg3 dxe1=Q+ 41. Rxe1 Rd2 42. Qa1+ Kh7 43. Qc3 Rd3+ 44. Qxd3 Bxd3 45. Bxf7 Kg7 46. Bb3 Kf6 47. e5+ Ke7 48. Rc1 Be4 49. Ba4 Ke6 50.
Bxc6 Bf5 51. Re1 g5 52. Bf3 Bg6 53. Bg4+ Kd5 54. e6 h5 55. Bf3+ Kd6 56. e7 Be8 57. Bxh5 Bxh5 58. e8=Q 1-0

[Event "*** Titled Tuesday Blitz"]
[Site "Chess.com"]
[Date "2018.12.04"]
[Round "8"]
[White "theblitzchamp"]
[Black "VincentBlom"]
[Result "0-1"]
[WhiteElo "2687"]
[BlackElo "2531"]
[TimeControl "180+2"]
[EndTime "14:54:11 PST"]
[Termination "VincentBlom won by checkmate"]

1. e4 c6 2. d4 d5 3. Nc3 dxe4 4. Nxe4 Bf5 5. Ng3 Bg6 6. Nh3 e6 7. Nf4 Bd6 8. h4 Bxf4 9. Bxf4 h6 10. h5 Bh7 11. c3 Nf6 12. Bd3 Bxd3 13. Qxd3 Nbd7 14. O-O-O Qa5 15. Kb1 Nd5 16. Bd2 Qc7 17. Ka1 O-O-O 18. Qf3 N7f6 19. Rhe1 Nb6 20. Bf4 Qd7 21. Be5 Qd5 22.
Qxd5 cxd5 23. Rd3 Ne8 24. Rf3 f6 25. Bf4 Kd7 26. Rfe3 e5 27. dxe5 Nc4 28. Rd3 Kc6 29. b3 Nxe5 30. Bxe5 fxe5 31. Rxe5 Nf6 32. Nf5 Rhe8 33. Nd4+ Kd6 34. Rf5 Re5 35. Nb5+ Ke6 36. Nc7+ Kxf5 37. Kb2 Re2+ 38. Ka3 Rxf2 39. Nb5 Rxg2 40.
Nd4+ Ke4 41. Rd1 Re8 42. Re1+ Kd3 43. Rc1 a6 44. Nf5 Kd2 45. Rb1 Kxc3 46. Rc1+ Kd2 47.
Rb1 Ree2 48. Nd4 Kc3 49. Nxe2+ Rxe2 50. Rc1+ Rc2 51. Rg1 Nxh5 52. Rh1 Nf4 53. Rf1 g5 54. Rh1 d4 55. Rxh6 d3 56. Rh8 Kd2 57. Kb4 Rc7 58. Rg8 Kc1 59. Rxg5 d2 60. Rg7 Rxg7 61. Ka3 d1=Q 62. b4 Rg3# 0-1

[Event "*** Titled Tuesday Blitz"]
[Site "Chess.com"]
[Date "2018.12.04"]
[Round "8"]
[White "DeviatkinAndrey"]
[Black "Vuk2000"]
[Result "1/2-1/2"]
[WhiteElo "2675"]
[BlackElo "2654"]
[TimeControl "180+2"]
[EndTime "14:54:17 PST"]
[Termination "Game drawn by agreement"]

1. d4 Nf6 2. Nf3 e6 3. Bg5 c5 4. e3 Nc6 5. Nbd2 Be7 6. c3 d5 7. Bd3 O-O 8. O-O b6 9. dxc5 bxc5 10. e4 Bb7 11. Re1 h6 12. Bh4 Qb6 13. e5 Nd7 14. Bg3 Rab8 15. Rb1 Ba6 16. Bc2 c4 17. b4 cxb3 18.
axb3 Qc5 19. Re3 Rfc8 20. b4 Nxb4 21. Nb3 Qc7 22. cxb4 Qxc2 23. Qxc2 Rxc2 24. Nbd4 Rxb4 25. Ra1 Rcc4 26. Rxa6 Rb1+ 27. Re1 Rxe1+ 28. Nxe1 Rxd4 29. Rxa7 Rd1 30. Kf1 Bb4 31. f4 Nc5 32. Ke2 Rd2+ 33. Kf1 Ne4 34. Nf3 Rc2 35. Ra8+ Kh7 36. Rb8 Bc5 37. Be1 Bf2 38. Bxf2 Rxf2+ 39. Kg1 Rc2 40.
g3 g5 41. fxg5 hxg5 42. g4 Kg6 43. Rg8+ Kh7 44. Rd8 Kg7 45. Rd7 Rc3 46. Kg2 Kg6 47. Rd8 Rc2+ 48. Kg1 Nd2 49. Nd4 Rc1+ 50. Kg2 Nc4 51.
Nc6 Ne3+ 52. Kf3 Rxc6 53. Kxe3 Rc4 54. Rg8+ Kh6 55. h3 Re4+ 56. Kd3 Rxe5 57. Kd4 Re4+ 58. Kc5 Ra4 59. Kd6 Ra7 60. Ke5 Kh7 61. Rxg5 Rd7 62. Kf6 d4 63. Rh5+ Kg8 64. Rg5+ Kh7 65. Rh5+ 1/2-1/2

[Event "*** Titled Tuesday Blitz"]
[Site "Chess.com"]
[Date "2018.12.04"]
[Round "8"]
[White "SCIM"]
[Black "vpantev"]
[Result "0-1"]
[WhiteElo "2434"]
[BlackElo "2616"]
[TimeControl "180+2"]
[EndTime "14:54:20 PST"]
[Termination "vpantev won by resignation"]

1. d4 Nf6 2. c4 e6 3. g3 Bb4+ 4. Bd2 c5 5. Bxb4 cxb4 6. Bg2 O-O 7. e4 d6 8. Ne2 Qc7 9. Nd2 e5 10. O-O a5 11. a3 Na6 12. h3 Be6 13. Qb3 b5 14. d5 Bd7 15. Rfc1 Nc5 16. Qe3 bxa3 17. Rxa3 b4 18. Raa1 a4 19. f4 Rfe8 20. f5 h6 21.
g4 Kh7 22. Kh2 g5 23. fxg6+ fxg6 24. Rf1 Rf8 25. Rf2 Kg7 26. Raf1 Ng8 27. g5 hxg5 28. Qxg5 Rxf2 29. Rxf2 Qd8 30. Qg3 Qe7 31. Bf3 Rf8 32. Rg2 Qf6 33. Bh5 Ne7 34. Bg4 Bxg4 35. Qxg4 Rh8 36.
Ng3 Qf4 37. Qxf4 exf4 38. Ne2 a3 39. bxa3 bxa3 40. Nxf4 a2 41. Rg1 Rf8 42. Kg3 Rb8 43.
Ra1 Rb2 44. Nf3 Nb3 45. Ne6+ Kg8 46. c5 dxc5 47. Rxa2 Rxa2 48. d6 Nc6 49. d7 Ra8 50. Ne5 Nxe5 51. d8=Q+ Rxd8 52. Nxd8 c4 53. Ne6 c3 54.
Nf4 c2 55. Ne2 c1=Q 56. Nxc1 Nxc1 57. Kf4 Nf7 58. e5 Kg7 59. e6 Nd6 60. h4 Kh6 61. Ke5 Ne8 62. e7 Ng7 63. Kf6 Nd3 64. Kf7 Nf4 65. Kg8 Ng2 66. h5 gxh5 0-1

[Event "*** Titled Tuesday Blitz"]
[Site "Chess.com"]
[Date "2018.12.04"]
[Round "8"]
[White "iaraldinho"]
[Black "Tjktiger"]
[Result "0-1"]
[WhiteElo "2499"]
[BlackElo "2701"]
[TimeControl "180+2"]
[EndTime "14:54:22 PST"]
[Termination "Tjktiger won by resignation"]

1. e4 c5 2. Nf3 g6 3. d4 cxd4 4. Nxd4 Bg7 5. Nc3 Nc6 6. Be3 Nf6 7. Be2 O-O 8. O-O d6 9. Kh1 Bd7 10. f4 Rc8 11. Qd2 Qa5 12. Rad1 Nxd4 13. Bxd4 Bc6 14. Bf3 e5 15. Be3 exf4 16. Bxf4 Rfe8 17. Bxd6 Rcd8 18.
e5 Bxf3 19. Rxf3 Rxe5 20. b4 Qb6 21. Bxe5 Rxd2 22. Rxd2 Ne4 23. Nxe4 Bxe5 24. a3 a5 25. c3 axb4 26. axb4 f5 27. Nc5 Bd6 28. Rd5 Qc6 29. Rfd3 Bf8 30. Kg1 b6 31. Nd7 Bg7 32. b5 Qe6 33.
Rd1 Bxc3 34. Rd6 Qe3+ 35. Kh1 Ba5 36. Nf6+ Kg7 37. Nd5 Qe2 38. Nf4 Qxb5 39. Ne6+ Kh6 40. Rd7 Be1 41. R7d3 Bh4 42. Rh3 Qc4 43. Re1 g5 44.
Nf8 Kg7 45. Ne6+ Kf6 46. Rxh4 Qxh4 47. Re2 Qc4 48. Re1 Qc3 0-1

[Event "*** Titled Tuesday Blitz"]
[Site "Chess.com"]
[Date "2018.12.04"]
[Round "8"]
[White "silverback96"]
[Black "PowerThinking2650"]
[Result "0-1"]
[WhiteElo "2142"]
[BlackElo "2264"]
[TimeControl "180+2"]
[EndTime "14:54:23 PST"]
[Termination "PowerThinking2650 won by resignation"]

1. d4 Nf6 2. c4 g6 3. g3 Bg7 4. Bg2 O-O 5. Nc3 d6 6. Nf3 Nbd7 7. O-O e5 8. e4 c6 9. h3 Qb6 10. Re1 Re8 11. Be3 Qxb2 12. Na4 Qb4 13. Qc2 Qa5 14. Rab1 Qc7 15. Nc3 exd4 16. Nxd4 Nc5 17. f4 Nh5 18. Bf2 Nxg3 19. Ndb5 cxb5 20. Nxb5 Qe7 21. Bxg3 a6 22. Nc3 Be6 23. Nd5 Bxd5 24. cxd5 Qd7 25. e5 b5 26. e6 Qa7 27. f5 Nd3+ 28.
Kh1 Nxe1 29. Rxe1 Rac8 30. Qb1 gxf5 31. Qxf5 fxe6 32. dxe6 Rf8 33. Qd5 Qc5 34. e7+ Kh8 35. exf8=Q+ Rxf8 36. Qxc5 dxc5 37. Bd6 Rc8 38. Bxc5 Bc3 39.
Re6 Rxc5 40. Rxa6 b4 41. Ra4 Kg7 42. Kh2 Be5+ 43. Kg1 Bd4+ 44. Kh2 Bc3 45. Be4 h5 46. Ra6 Re5 47. Bf3 h4 48. Rc6 Ra5 49. Rc4 Rxa2+ 50. Kg1 Kf6 51. Rxh4 b3 52. Rc4 b2 53. Be4 Be5 54.
Rb4 Kg5 55. Kg2 b1=Q+ 0-1

[Event "*** Titled Tuesday Blitz"]
[Site "Chess.com"]
[Date "2018.12.04"]
[Round "8"]
[White "Mikhail_Golubev"]
[Black "nochewycandy"]
[Result "1-0"]
[WhiteElo "2467"]
[BlackElo "2254"]
[TimeControl "180+2"]
[EndTime "14:54:23 PST"]
[Termination "Mikhail_Golubev won by resignation"]

1. e4 g6 2. d4 Bg7 3. c3 d6 4. Bg5 Nd7 5. Nf3 h6 6. Bf4 Ngf6 7. Nbd2 O-O 8. Be2 c5 9. O-O Nh5 10. Be3 cxd4 11. cxd4 Nhf6 12. h3 Kh7 13. Rc1 e6 14. Re1 d5 15. Bd3 dxe4 16. Nxe4 Nxe4 17. Bxe4 Nf6 18. Bb1 b6 19. Bf4 Bb7 20. Be5 Nd5 21. Qd2 Bxe5 22. Nxe5 Qg5 23. Qxg5 hxg5 24. Nf3 Kh6 25.
Re5 Nf4 26. Rc3 Rad8 27. Kh2 Bxf3 28. Rxf3 f6 29. Re1 Rxd4 30. g3 Nd5 31. Rxe6 Rd2 32.
Rd6 Re8 33. Rfxf6 Nxf6 34. Rxd2 Re1 35. Bd3 g4 36. h4 Nd7 37. Kg2 Ne5 38. Be2 Ra1 39. b3 Kg7 40. f3 gxf3+ 41. Bxf3 Rg1+ 42. Kf2 Ra1 43. Be2 Kf6 44. Ke3 Re1 45. Kd4 Rc1 46. g4 Rc5 47. Ke4 Rc6 48. h5 gxh5 49. gxh5 Nf7 50. Kf4 Rc5 51. Rd7 Rf5+ 52. Ke3 Re5+ 53. Kd2 a5 54. Rb7 Re6 55. Rxf7+ Kxf7 56. Bc4 1-0

[Event "*** Titled Tuesday Blitz"]
[Site "Chess.com"]
[Date "2018.12.04"]
[Round "8"]
[White "WinnerOleg"]
[Black "armago"]
[Result "1-0"]
[WhiteElo "2351"]
[BlackElo "2056"]
[TimeControl "180+2"]
[EndTime "14:54:26 PST"]
[Termination "WinnerOleg won by resignation"]

1. d4 Nf6 2. c4 g6 3. Nc3 d5 4.
cxd5 Nxd5 5. Nf3 Bg7 6. e4 Nxc3 7. bxc3 c5 8. Be3 O-O 9. Be2 Qa5 10. Qd2 cxd4 11. cxd4 Qxd2+ 12. Kxd2 Nc6 13. Rab1 Rd8 14. Kc3 Bg4 15. Rxb7 Bxf3 16. Bxf3 Rac8 17. Kb2 Nxd4 18. Bxd4 Bxd4+ 19. Kb1 e5 20. Rc1 Rb8 21. Rc7 Rxb7+ 22. Rxb7 Bxf2 23. Kc2 Bb6 24. Be2 Rd4 25. Bd3 h5 26. h3 g5 27. Re7 Ra4 28. Kb3 Ra5 29. Bc4 Ra3+ 30. Kxa3 Bc5+ 31. Ka4 Bxe7 32. Kb5 Kg7 33.
g4 h4 34. Kc6 Bb4 35. a4 Kf6 36. Kd7 Bd2 37. Ke8 a5 38. Bxf7 Bb4 39. Bd5 Bc5 40. Kd7 Bd4 41. Kc6 Ke7 42. Kb5 Bc3 43. Kc4 Bb4 44. Kb5 Kd6 45. Kc4 Be1 46. Kb5 Bd2 47. Kc4 Bb4 48. Kb5 Bd2 49. Kc4 Bb4 50. Kb5 Bd2 51. Kc4 Bb4 52. Kb5 Bd2 53. Kb6 Bb4 54.
Kb7 Kc5 55. Kc8 Kd4 56. Kd7 Ke3 57. Ke6 Bc3 58. Kf5 Kf3 59. Kxg5 Kg3 60. Kf5 Bd2 61. g5 Kxh3 62. g6 Bh6 63. Kxe5 Kg3 64. Kf5 h3 65. e5 Bg7 66. e6 Bf8 67. e7 1-0

[Event "*** Titled Tuesday Blitz"]
[Site "Chess.com"]
[Date "2018.12.04"]
[Round "8"]
[White "Chessialist"]
[Black "JMatias"]
[Result "1-0"]
[WhiteElo "2485"]
[BlackElo "2349"]
[TimeControl "180+2"]
[EndTime "14:54:36 PST"]
[Termination "Chessialist won by resignation"]

1. e4 e6 2. Qe2 Be7 3. d3 Nf6 4. g3 d5 5. Bg2 O-O 6. Nf3 c5 7. O-O Nc6 8. Nbd2 b5 9. e5 Nd7 10. Re1 Bb7 11. Nf1 Nd4 12. Nxd4 cxd4 13. h4 h6 14. h5 Qb6 15. Bf4 Rfc8 16. Nh2 Rc6 17. Rac1 Rac8 18. Ng4 Bf8 19. Nh2 Qc7 20. Qg4 Kh7 21.
Re2 Qa5 22. a3 Qa4 23. Bxd5 R6c7 24. Bxb7 Rxb7 25. Qf3 Rbc7 26. Qe4+ Kg8 27. b3 Qxa3 28. Qxd4 Qb4 29. Qxb4 Bxb4 30. Nf3 Bc3 31. Rb1 a5 32. d4 Nb6 33. Bc1 Nd5 34. Bb2 a4 35. Kf1 Bxb2 36.
Rxb2 a3 37. Ra2 Nc3 38. Rxa3 Nxe2 39. Kxe2 Rxc2+ 40. Kf1 Rb2 41. d5 exd5 42. Nd4 Rd2 43. Nxb5 Rcc2 44. Ra8+ Kh7 45. Nd6 Rxf2+ 46. Kg1 Rg2+ 47.
Kh1 Rh2+ 48. Kg1 Rcg2+ 49. Kf1 Rxg3 50. Nxf7 Rf3+ 51. Kg1 Rxh5 52. e6 Re3 53. Re8 Kg6 54. Nh8+ Kf6 55. Rf8+ Kxe6 56. Re8+ Kf5 57. Rxe3 d4 58.
Re7 Kf6 59. Rf7+ Ke6 60. Rxg7 d3 61. Kf2 Rh2+ 62. Ke1 Rb2 63. Rb7 Kf6 64. Nf7 h5 65.
Nd6 Ke5 66. Nc4+ Kd4 67. Nxb2 Kc3 68. Nxd3 Kxd3 69. Rc7 1-0